Map: New Gettysburg LE

Players

Robomajor - Winner!

  • Race: Zerg Zerg
  • League: Gold
  • Spawn Location: 5:00

Fropez

  • Race: Protoss Protoss
  • League: Gold
  • Spawn Location: 7:00

VOD

Have the link to the VOD?

Description

Time

  • Played on: Sept. 12, 2016, 6:04 p.m.
  • Length: 25:08
Show
View Real Time Build Order
Export as new Build Order

Robomajor Zerg - Winner!

Build Orders: Hatch First 

Get SALT Encoding   

  12  0:01  Drone  
  13  0:13  Overlord  
  13  0:20  Drone  
  14  0:31  Drone x2  
  14  0:35  Drone  
  17  0:55  Hatchery  
  16  0:57  Drone  
  16  1:00  Drone  
  18  1:04  Extractor  
  18  1:09  Drone  
  18  1:21  Spawning Pool  
  18  1:23  Drone  
  18  1:29  Drone  
  19  1:40  Overlord  
  19  2:15  Metabolic Boost  
  19  2:16  Zergling x6  
  19  2:17  Zergling x2  
  19  2:18  Queen  
  19  2:19  Queen  
  27  2:33  Zergling x2  
  27  2:34  Zergling x4  
  30  2:51  Zergling x2  
  30  2:52  Zergling x6  
  34  3:00  Drone  
  34  3:01  Overlord  
  35  3:10  Drone  
  36  3:17  Lair  
  36  3:18  Extractor  
  35  3:21  Drone  
  36  3:29  Drone x2  
  36  3:32  Drone  
  36  3:33  Drone  
  39  3:51  Drone  
  40  3:57  Roach Warren  
  40  4:02  Evolution Chamber  
  38  4:05  Drone x5  
  43  4:10  Overlord  
  43  4:27  Overlord  
  43  4:28  Overlord  
  43  4:48  Glial Reconstitution  
  43  4:49  Zerg Missile Weapons Level 1  
  43  4:50  Roach  
  43  4:51  Roach x3  
  51  4:53  Overlord  
  51  5:10  Overlord  
  51  5:12  Drone x2  
  51  5:13  Drone x4  
  57  5:43  Hydralisk Den  
  58  6:11  Roach x3  
  58  6:12  Roach  
  58  6:13  Hydralisk  
  58  6:16  Overlord x4  
  66  6:50  Hydralisk, Zerg Missile Weapons Level 2  
  66  6:51  Hydralisk x7  
  66  6:52  Hydralisk  
  84  7:09  Hatchery  
  83  7:30  Hydralisk, Muscular Augments  
  83  7:36  Extractor, Drone x3  
  83  7:37  Extractor, Drone x3  
  86  7:39  Overlord x3  
  89  8:02  Hydralisk x2  
  89  8:03  Hydralisk  
  95  8:12  Roach x2  
  101  8:13  Roach x4  
  101  8:16  Roach  
  109  8:22  Roach x3  
  109  8:26  Drone  
  116  8:34  Roach x2  
  120  8:36  Overlord x3  
  120  8:48  Drone  
  121  8:50  Overlord  
  121  8:53  Overlord x2  
  121  9:30  Drone x3  
  102  10:02  Roach x10  
  102  10:03  Roach x10  
  91  10:48  Hydralisk  
  91  10:49  Hydralisk x8  
  89  10:52  Overseer  
  89  10:54  Overseer  
  97  11:08  Hydralisk  
  87  11:24  Ravager  
  87  11:25  Ravager x2  
  90  11:26  Ravager  
  90  11:28  Ravager x2  
  90  11:29  Ravager x5  
  94  12:11  Hatchery  
  92  13:25  Hatchery  
  91  13:41  Overlord x2  
  91  13:56  Zerg Ground Armor Level 1  
  91  14:13  Drone  
  91  14:14  Drone x11  
  103  14:26  Hydralisk Den  
  102  14:40  Extractor, Queen  
  102  14:45  Extractor  
  102  15:02  Lurker Den  
  102  15:10  Drone x3  
  102  15:12  Drone x2  
  102  15:13  Drone  
  102  15:14  Drone x5  
  112  16:05  Hydralisk  
  112  16:06  Hydralisk x17  
  146  17:11  Hatchery  
  145  17:16  Zerg Ground Armor Level 2  
  145  17:18  Hydralisk x4  
  145  17:19  Hydralisk x4  
  161  17:26  Overseer x2  
  161  18:08  Overlord  
  161  18:09  Overlord x5  
  161  18:32  Lurker x6  
  167  19:25  Queen  
  169  19:47  Hydralisk  
  169  19:48  Hydralisk x14  
  193  20:41  Roach x3  
  116  21:24  Lurker x3  
  116  21:25  Lurker x3  
  89  21:38  Hydralisk x13  
  89  21:39  Hydralisk x22  
  159  21:48  Roach x5  
  159  21:49  Roach x5  
  147  22:02  Hydralisk  
  149  22:22  Extractor  
  148  22:23  Extractor  
  147  22:37  Hatchery  
  126  23:34  Overseer  
  108  24:19  Hydralisk x14  
Show
View Real Time Build Order
Export as new Build Order

Fropez Protoss 

Build Orders:  

Get SALT Encoding   

  12  0:01  Probe (Chrono Boost)  
  13  0:16  Pylon  
  13  0:18  Probe (Chrono Boost)  
  14  0:29  Probe (Chrono Boost)  
  15  0:36  Gateway  
  15  0:42  Probe (Chrono Boost)  
  16  0:53  Probe (Chrono Boost)  
  17  1:09  Pylon, Probe (Chrono Boost)  
  18  1:11  Assimilator  
  18  1:25  Cybernetics Core  
  18  1:30  Probe (Chrono Boost)  
  19  1:42  Gateway  
  19  1:44  Gateway  
  19  1:54  Pylon  
  19  1:55  Probe (Chrono Boost)  
  20  2:02  Pylon  
  20  2:06  Probe (Chrono Boost)  
  23  2:15  Adept  
  23  2:22  Mothership Core (Chrono Boost)  
  25  2:33  Assimilator  
  25  2:41  Warp Gate (Chrono Boost)  
  24  2:48  Adept  
  26  2:59  Adept  
  28  3:13  Gateway  
  28  3:17  Nexus  
  28  3:20  Probe  
  29  3:30  Pylon  
  29  3:32  Probe  
  30  3:40  Stalker  
  32  3:44  Probe  
  33  3:49  Stalker  
  35  3:56  Probe  
  36  4:08  Twilight Council, Probe  
  37  4:20  Probe  
  38  4:29  Probe  
  39  4:32  Probe  
  40  4:44  Probe  
  40  4:46  Probe  
  42  4:52  Robotics Facility  
  42  4:53  Pylon  
  42  4:55  Probe  
  43  5:04  Pylon  
  43  5:06  Resonating Glaives (Chrono Boost)  
  43  5:11  Probe  
  43  5:13  Probe  
  44  5:15  Assimilator  
  44  5:17  Assimilator  
  45  5:23  Probe  
  46  5:39  Probe  
  46  5:40  Probe  
  48  5:44  Adept  
  48  5:45  Adept x3  
  48  5:47  Immortal  
  60  5:54  Gateway  
  60  6:07  Probe  
  60  6:09  Probe  
  60  6:10  Pylon  
  62  6:19  Stalker  
  62  6:20  Stalker x3  
  70  6:26  Immortal  
  74  6:33  Probe  
  75  6:48  Probe  
  75  6:52  Gateway  
  76  6:56  Probe  
  76  6:57  Forge  
  76  7:00  Probe  
  78  7:05  Warp Prism, Gateway  
  78  7:07  Probe  
  79  7:13  Probe  
  81  7:25  Probe x2  
  83  7:33  Pylon  
  83  7:38  Pylon, Protoss Ground Weapons Level 1 (Chrono Boost)  
  83  7:46  Immortal  
  83  7:53  Probe  
  83  7:54  Probe  
  83  7:57  Stalker  
  91  8:05  Adept x4  
  99  8:21  Probe x2  
  99  8:26  Charge  
  101  8:43  Pylon  
  101  8:49  Dark Shrine  
  101  8:59  Pylon  
  101  9:01  Immortal  
  101  9:09  Adept x2, Pylon  
  109  9:10  Nexus  
  109  9:14  Assimilator  
  107  9:18  Adept x3  
  107  9:19  Adept, Assimilator  
  107  9:21  Pylon  
  107  9:22  Pylon  
  115  9:32  Stalker  
  107  9:46  Zealot x4  
  107  9:47  Zealot  
  113  9:58  Probe x2  
  115  10:07  Protoss Ground Weapons Level 2 (Chrono Boost)  
  115  10:11  Immortal  
  109  10:34  Dark Templar x4  
  109  10:35  Dark Templar x2  
  87  11:25  Dark Templar x3  
  79  11:26  Dark Templar x3  
  79  11:51  Probe  
  79  11:53  Probe  
  71  11:58  Probe  
  72  12:02  Gateway  
  72  12:03  Gateway  
  72  12:06  Gateway  
  72  12:08  Gateway  
  72  12:15  Pylon  
  72  12:19  Photon Cannon, Stalker x2  
  72  12:21  Photon Cannon  
  76  12:28  Immortal  
  76  12:34  Protoss Ground Weapons Level 3 (Chrono Boost)  
  80  12:49  Zealot x4, Robotics Facility  
  80  12:50  Zealot x2  
  92  13:21  Probe  
  92  13:22  Probe  
  94  13:38  Nexus  
  94  13:41  Assimilator  
  94  13:43  Assimilator  
  94  13:46  Pylon  
  94  13:48  Pylon  
  94  13:49  Immortal  
  94  13:54  Immortal  
  102  14:17  Templar Archives  
  102  14:20  Pylon  
  102  14:23  Dark Templar x2  
  102  14:24  Dark Templar x2  
  108  14:27  Photon Cannon  
  108  14:28  Photon Cannon  
  110  14:49  Nexus  
  110  14:50  Mothership Core  
  112  15:07  Pylon  
  112  15:09  Pylon  
  112  15:12  Assimilator  
  112  15:16  Assimilator  
  112  15:17  Immortal  
  112  15:18  Pylon, Immortal  
  112  15:20  Psionic Storm  
  116  15:26  Protoss Ground Armor Level 1 (Chrono Boost)  
  120  15:36  Stalker  
  120  15:39  Stalker  
  124  16:08  Probe  
  124  16:09  Probe  
  126  16:32  Nexus  
  126  16:34  Assimilator  
  126  16:38  Assimilator  
  126  16:39  Observer  
  126  16:41  Observer  
  126  16:43  Pylon  
  126  16:44  High Templar x2  
  126  16:45  High Templar x6, Pylon  
  126  16:46  High Templar x2  
  148  16:48  Pylon  
  140  17:14  Gateway  
  140  17:16  Gateway  
  140  17:17  Gateway  
  140  17:18  Gateway  
  140  17:19  Protoss Shields Level 1 (Chrono Boost)  
  140  17:23  Zealot x3  
  140  17:24  Gateway, Zealot  
  140  17:25  Gateway  
  140  17:28  Observer  
  148  17:31  Observer  
  150  17:47  Stalker x4  
  158  17:52  Sentry x5  
  158  17:55  Probe  
  158  17:57  Probe x2  
  170  17:59  Probe x2  
  173  18:06  Probe  
  173  18:09  Probe  
  173  18:12  Immortal  
  171  18:46  Stalker x2  
  171  18:47  Stalker x6  
  171  18:48  Stalker  
  189  19:02  Protoss Ground Armor Level 2 (Chrono Boost)  
  189  19:08  Sentry x4  
  189  19:09  Sentry  
  125  21:06  Archon  
  125  21:08  Zealot x2  
  125  21:09  Zealot x5  
  125  21:10  Zealot x7  
  125  21:11  Zealot x2  
  95  21:33  Zealot x5  
  95  21:34  Zealot x4  
  95  21:35  Zealot x4  
  103  21:55  Nexus  
  103  21:59  Assimilator, Protoss Ground Armor Level 3 (Chrono Boost)  
  85  22:02  Assimilator  
  85  22:05  Pylon  
  85  22:07  Stalker x6  
  85  22:08  Pylon, Stalker x5  
  97  22:09  Stalker x5  
  97  22:14  Observer  
  110  22:16  Observer  
  112  22:30  Stalker  
  112  22:31  Stalker x2  
  112  22:32  Observer, Stalker  
  121  22:38  Observer  
  122  22:46  Zealot x5  
  122  22:47  Zealot x7  
  113  22:59  Dark Templar x4  
  121  23:07  Dark Templar x6  
  121  23:08  Dark Templar x5  
  101  23:29  Dark Templar  
  101  23:33  Dark Templar x3  
  101  23:34  Dark Templar x2  
  87  23:37  Dark Templar x2  
  87  23:38  Dark Templar x3  
  73  23:58  Observer  
  73  24:01  Observer  
  69  24:03  High Templar x6, Nexus  
  69  24:04  High Templar x5  
  69  24:06  Assimilator  
  69  24:07  Archon  
  69  24:08  Archon x4, Assimilator  
  88  24:12  Pylon  
  86  24:18  High Templar x4  
  86  24:19  High Templar  
  94  24:28  Archon x2  
  94  24:41  High Templar x5  
  94  24:45  Archon x3  
Tags
 
League
GoldGold
Matchup
PvZ
Replay Pack
All Mines
Spawn Locations
Close Positions
Add a new tag
Caveats
  • Supply blocks, unpowered buildings, or Contaminate may cause inaccurate times.
  • Supply counts are checked every 10 seconds.